 Dungeon Crawl Stone Soup version 0.18-a0-1343-g48c8f86 (webtiles) character file.

114 M4edhros the Insei (level 4, 0/35 HPs)
             Began as a Mummy Monk on Feb 16, 2016.
             Slain by a river rat (3 damage)
             ... on level 3 of the Dungeon.
             The game lasted 00:03:36 (3367 turns).

M4edhros the Insei (Mummy Monk)                     Turns: 3367, Time: 00:03:36

Health: 0/35       AC:  0    Str: 14    XL:     4   Next: 67%
Magic:  4/4        EV: 13    Int:  9    God:
Gold:   182        SH:  0    Dex: 15    Spells: 0 memorised, 3 levels left

rFire  . . .     SeeInvis .       - Unarmed
rCold  . . .     Gourm    .     (no armour)
rNeg   + + +     Faith    .     (no shield)
rPois  ∞         Spirit   .     (no helmet)
rElec  .         Dismiss  .     (no cloak)
rCorr  .         Reflect  .     (no gloves)
SustAt .         Harm     .     (no boots)
MR     .....                    (no amulet)
Stlth  ++........               (no ring)
                                c - ring of fire

@: not resistant to hostile enchantments, unstealthy
A: no food or potions, fire vulnerability, cold resistance 1, negative energy
resistance 3, torment resistance, unbreathing
a: no special abilities


You were on level 3 of the Dungeon.
You were not hungry.

You visited 1 branch of the dungeon, and saw 4 of its levels.

You collected 182 gold pieces.

Inventory:

Jewellery
 c - a ring of fire (left hand)
Scrolls
 a - 11 scrolls of identify {unknown}
 b - 2 scrolls of recharging {unknown}
 d - a scroll of teleportation {unknown}
 e - a scroll of remove curse {unknown}


   Skills:
 - Level 3.0 Fighting
 - Level 2.4 Dodging
 - Level 1.5 Stealth
 + Level 5.0 Unarmed Combat


You had 3 spell levels left.
You didn't know any spells.

Dungeon Overview and Level Annotations

Branches:
Dungeon (4/15)
 Temple: D:4-7

Altars:
Nemelex Xobeh

Portals:
Sewer: D:3


Innate Abilities, Weirdness & Mutations

You do not eat or drink.
Your flesh is vulnerable to fire.
You are immune to poison.
Your flesh is cold resistant.
You are immune to negative energy.
You are immune to unholy pain and torment.
You can survive without breathing.


Message History

You barely miss the river rat. The river rat misses you.
You closely miss the river rat. The river rat closely misses you.
You completely miss the river rat. You closely miss the river rat.
The river rat barely misses you.
You closely miss the river rat.
You punch the river rat, but do no damage.
The river rat barely misses you.
You hit the river rat but do no damage. The river rat bites you.
* * * LOW HITPOINT WARNING * * *
You hit the river rat.
The river rat is heavily wounded.
The river rat barely misses you.
You hit the river rat but do no damage.
The river rat is heavily wounded.
The river rat bites you.
* * * LOW HITPOINT WARNING * * *
You closely miss the river rat.
The river rat is heavily wounded.
The river rat bites you.
You die...

......##.. %........## #
.........# ..(
#.....########..(
#.......(........
#..######........
##########.#≈≈≈≈#........
...........#≈≈≈≈#........
#########..#≈≈∩r@........
##.#≈≈≈≈#........
#w#≈≈≈≈#........
#.######........
#.....†...######
#####.....# #######


You could see a river rat.

Vanquished Creatures
  Natasha (D:2)
  An adder (D:3)
  2 oozes
  A giant gecko (D:2)
  4 orcs
  5 ball pythons (D:3)
  3 giant cockroaches
  5 goblins
  5 hobgoblins
  7 jackals
  9 kobolds
  2 quokkas (D:3)
  6 bats
  2 giant newts
  11 rats
64 creatures vanquished.

Notes
Turn   | Place    | Note
--------------------------------------------------------------
     0 | D:1      | M4edhros the Mummy Monk began the quest for the Orb.
     0 | D:1      | Reached XP level 1. HP: 18/18 MP: 1/1
   358 | D:1      | Reached XP level 2. HP: 17/24 MP: 2/2
   642 | D:1      | Found a sparkling altar of Nemelex Xobeh.
   718 | D:1      | Reached skill level 4 in Unarmed Combat
  1218 | D:1      | Reached XP level 3. HP: 29/29 MP: 3/3
  2322 | D:2      | Noticed Natasha
  2336 | D:2      | Killed Natasha
  2336 | D:2      | Reached XP level 4. HP: 20/35 MP: 4/4
  3160 | D:3      | Reached skill level 5 in Unarmed Combat
  3292 | D:3      | Found a glowing drain.
  3367 | D:3      | Slain by a river rat

Vault maps used:
D:1:      co_arrival_random_square_maze, minmay_tree_intersection, minivault_26,
          nemelex_xobeh_ov_fountains_minmay
D:2:      uniq_natasha
D:3:      portal_sewer_entry_c, grunt_ministairs_14, uniq_crazy_yiuf_cottage
D:4:      first_bread

Action                   |  1- 3 |  4- 6 || total
-------------------------+-------+-------++-------
Melee: Unarmed           |   151 |    90 ||   241
 Stab: Sleeping          |     6 |     2 ||     8
